 Dungeon Crawl Stone Soup version 0.27-a0-417-g317cea8a3c (webtiles) character file.

Game seed: 5158732737983881917

1353 sanka the Nimble (level 8, -1/61 (64) HPs)
             Began as a Vampire Summoner on Feb 25, 2021.
             Was an Initiate of Ru.
             Slain by a wyvern zombie (10 damage)
             ... on level 6 of the Dungeon.
             The game lasted 00:12:33 (6031 turns).

sanka the Nimble (Vampire Summoner)                 Turns: 6031, Time: 00:12:34

HP:   -1/61 (64)    AC:  5    Str:  7    XL:     8   Next: 36%
MP:   5/11          EV: 17    Int: 18    God:    Ru [......]
Gold: 340           SH:  0    Dex: 16    Spells: 8/11 levels left

rFire    . . .     SeeInvis +   b - +2 quarterstaff (chaos)
rCold    . . .     Faith    .   (shield currently unavailable)
rNeg     . . .     Spirit   .   f - +0 robe
rPois    .         Reflect  .   k - +0 helmet
rElec    .         Harm     .   y - +0 cloak
rCorr    .         Rampage  .   u - +0 pair of gloves
Will     .....                  (no boots)
Stlth    ++........             (no amulet)
HPRegen  0.40/turn              d - ring of flight
MPRegen  0.12/turn              (no ring)

@: regenerating quickly, lightly drained
A: fangs 3, see invisible, unbreathing
a: Exsanguinate, Renounce Religion, Evoke Flight


You were on level 6 of the Dungeon.
You worshipped Ru.
Ru was noncommittal.
You visited 2 branches of the dungeon, and saw 7 of its levels.

You collected 340 gold pieces.


Innate Abilities, Weirdness & Mutations

Your natural rate of healing is unusually fast.
You have razor-sharp teeth.
You have supernaturally acute eyesight. (SInv)
You can survive without breathing.


   Skills:
 - Level 6.0 Fighting
 - Level 8.0 Dodging
 - Level 3.0 Stealth
 - Level 2.0 Spellcasting
 + Level 5.2 Summonings


You had 8 spell levels left.
You knew the following spells:

 Your Spells              Type           Power        Failure   Level
x - Call Imp              Summ           20%          3%          2
z - Summon Small Mammal   Summ           80%          1%          1

Your spell library contained the following spells:

 Spells                   Type           Power        Failure   Level
 Call Canine Familiar     Summ           20%          6%          3
 Summon Guardian Golem    Hex/Summ       11%          19%         3
 Summon Ice Beast         Ice/Summ       11%          52%         4
 Summon Lightning Spire   Summ/Air       11%          52%         4

Inventory:

Hand Weapons
 a - a +2 hand axe of venom
 b - a +2 quarterstaff of chaos (weapon)
Armour
 e - a +0 buckler
 f - a +0 robe (worn)
 k - a +0 helmet (worn)
 u - a +0 pair of gloves (worn)
 y - a +0 cloak (worn)
Magical Staves
 C - a staff of cold
Jewellery
 d - a ring of flight (left hand)
 B - a ring of poison resistance
Wands
 t - a wand of digging (7)
Scrolls
 g - a scroll of fog {unknown}
 i - a scroll of random uselessness {unknown}
 j - 5 scrolls of teleportation {unknown}
 l - 2 scrolls of blinking {unknown}
 r - a scroll of enchant weapon {unknown}
 s - a scroll of magic mapping {unknown}
 A - 3 scrolls of identify {unknown}
Potions
 c - a potion of curing {unknown}
 h - a potion of berserk rage {unknown}
 m - a potion of heal wounds {unknown}
 n - 2 potions of lignification {unknown}
 o - 2 potions of cancellation {unknown}
 p - a potion of magic {unknown}
 q - 3 potions of resistance
 v - 2 potions of degeneration {unknown}
 w - 5 potions of brilliance {unknown}
 x - a potion of attraction {unknown}
 z - a potion of haste {unknown}

Dungeon Overview and Level Annotations

Branches:
Dungeon (6/15)             Temple (1/1) D:5

Altars:
Ashenzari
Dithmenos
Elyvilon
Fedhas
Gozag
Hepliaklqana
Kikubaaqudgha
Nemelex Xobeh
Okawaru
Qazlal
Ru
Sif Muna
Vehumet
Wu Jian
Xom
Yredelemnul
Zin
The Shining One

.....▒▒.5....▒▒...............8..
........▒▒.▒.▒...................
▒....▒▒▒▒▒.▒.........[▒..........
.....▒▒▒▒▒.▒...........▒.....▒...
........▒▒.................▒.▒▒.▒
........▒........▒.▒.....▒.▒.▒..▒
................▒▒....▒..▒▒▒.....
...............Z.▒...▒▒...▒▒.....
...............▒V†..▒▒▒▒▒.....▒..
.8............▒▒...▒▒ ▒▒▒.)..▒▒
...[.▒.▒....▒..5▒▒.▒ ▒....▒
.....▒▒▒▒...▒▒..▒..▒ ♣.fff♣
.....▒▒▒............ ♣♣.f.♣
▒▒...▒▒.............. ♣♣.♣♣
..▒........▒........▒ ♣♣.♣
...................... ♣.♣♣
..........▒.▒.......... ♣♣.♣


You could see a wyvern zombie (ally target) and a friendly crimson imp
(summoned).


Message History

Found a scroll labelled NUBIEXT INIES.
Your crimson imp hits the wight but does no damage.
Found a leather armour.
You feel sick.
You are no longer poisoned.
The wight hits your crimson imp with a +5 dagger!
Your crimson imp closely misses the wight.
A beastly little devil appears in a puff of frigid air.
Your crimson imp hits the wight.
A beastly little devil appears in a puff of frigid air.
The wight hits your crimson imp with a +5 dagger!
Your crimson imp dies!
Your white imp gestures at the wight.
The puff of frost hits the wight.
The wight completely resists.
A wyvern zombie comes into view.
The wight hits your white imp with a +5 dagger.
Your white imp misses the wight.
The wight hits your white imp with a +5 dagger!
Your white imp dies!
Your white imp hits the wight but does no damage.
The wight hits your white imp with a +5 dagger.
Your white imp barely misses the wight.
The wyvern zombie bites you.
* * * LOW HITPOINT WARNING * * *
The wyvern zombie misses you. The wyvern zombie misses you.
A beastly little devil appears in a puff of flame.
The wyvern zombie bites you!
You die...

Action                   |  1- 3 |  4- 6 |  7- 9 || total
-------------------------+-------+-------+-------++-------
Melee: Unarmed           |    28 |       |       ||    28
       Hand axe          |    90 |   144 |   172 ||   406
       Bite              |    12 |    20 |    21 ||    53
       Quarterstaff      |       |       |     6 ||     6
 Cast: Summon Small Mamm |     6 |     8 |       ||    14
       Call Imp          |     1 |    15 |    16 ||    32
 Stab: Sleeping          |     8 |     5 |     6 ||    19
       Distracted        |     1 |     1 |       ||     2
Armor: Robe              |    20 |    27 |    30 ||    77
Dodge: Dodged            |    86 |   150 |   193 ||   429

Levels and vault maps discovered:
D:1:      shiori_arrival_oz, layout_loops_ring, minmay_tall_x
D:2:      layout_basic, uniq_robin
D:3:      layout_basic, nicolae_gozag_seed_capital, overflow_temple_1_default,
          uniq_terence
D:4:      layout_loops_corners, lemuel_crystal_altar,
          amethyst_overflow_temple_binary, nzn_wu_jian_council_hall,
          grunt_dithmenos_smoke_and_mirrors, uniq_ijyb
D:5:      layout_basic, overflow_temple_1_default,
          nicolae_overflow_hidden_temple, minmay_temple_entry_glass,
          uniq_eustachio
D:6:      layout_cave_pools, serial_column_ruins, column_ruins_hut,
          column_ruins_grid_1, column_ruins_corridor_plus,
          column_ruins_columns_corner, column_ruins_open_large,
          uniq_crazy_yiuf_cottage
Temple:   compressed_dpeg_circular_temple

Notes
Turn   | Place    | Note
-------+----------+-------------------------------------------
     0 | D:1      | sanka the Vampire Summoner began the quest for the Orb.
     0 | D:1      | Reached XP level 1. HP: 13/13 MP: 3/3
   216 | D:1      | Reached skill level 1 in Fighting
   216 | D:1      | Reached XP level 2. HP: 19/21 MP: 5/5
   273 | D:1      | Learned a level 2 spell: Call Imp
   342 | D:1      | Reached skill level 3 in Dodging
   594 | D:1      | Reached XP level 3. HP: 26/26 MP: 6/6
   845 | D:2      | Noticed Robin
   865 | D:2      | Killed Robin
   881 | D:2      | Reached skill level 2 in Fighting
  1167 | D:2      | Reached XP level 4. HP: 33/33 MP: 7/7
  1849 | D:3      | Reached skill level 4 in Dodging
  1931 | D:3      | Reached XP level 5. HP: 30/40 MP: 2/8
  2037 | D:3      | Noticed Terence
  2057 | D:3      | Killed Terence
  2058 | D:3      | Reached skill level 3 in Fighting
  2376 | D:3      | Found an ancient bone altar of Kikubaaqudgha.
  2516 | D:3      | Found an opulent altar of Gozag.
  2559 | D:5      | Entered Level 5 of the Dungeon
  2580 | D:5      | Noticed Eustachio
  2693 | D:5      | Killed Eustachio
  2694 | D:5      | Reached skill level 5 in Dodging
  2694 | D:5      | Reached XP level 6. HP: 42/48 MP: 6/9
  2791 | D:4      | Reached skill level 4 in Fighting
  2828 | D:4      | Noticed Ijyb
  2836 | D:4      | Killed Ijyb
  2962 | D:4      | Found a basalt altar of Yredelemnul.
  2977 | D:4      | Found an ornate altar of the Wu Jian Council.
  3068 | D:4      | Found a shadowy altar of Dithmenos.
  3075 | D:4      | Reached skill level 6 in Dodging
  3204 | D:4      | Reached XP level 7. HP: 24/55 MP: 4/10
  3895 | D:4      | Found a glowing silver altar of Zin.
  3895 | D:4      | Found an iron altar of Okawaru.
  4274 | D:3      | Reached skill level 5 in Fighting
  4616 | D:5      | Found a stormy altar of Qazlal.
  4641 | D:5      | Noticed a troll
  4651 | D:5      | Killed a troll
  4652 | D:5      | Reached skill level 7 in Dodging
  4704 | D:5      | Found a staircase to the Ecumenical Temple.
  4795 | Temple   | Entered the Ecumenical Temple
  4896 | Temple   | Became a worshipper of Ru the Awakened
  4938 | D:5      | Found a shadowy altar of Dithmenos.
  5474 | D:5      | Reached XP level 8. HP: 30/64 MP: 11/11
  5575 | D:6      | Reached skill level 6 in Fighting
  5632 | D:6      | Found a runed translucent door.
  5633 | D:6      | Noticed Crazy Yiuf
  5643 | D:6      | Killed Crazy Yiuf
  5747 | D:6      | Reached skill level 8 in Dodging
  5986 | D:6      | Reached skill level 5 in Summonings
  6006 | D:6      | HP: 3/61 [wight/+5 dagger (5)]
  6011 | D:6      | HP: 3/61 [poisoned by a scorpion]
  6025 | D:6      | HP: 6/61 [wyvern zombie (2)]
  6031 | D:6      | Slain by a wyvern zombie

Vanquished Creatures
  Eustachio (D:5)
  2 ogres
  A centaur (D:5)
  A phantom (D:5)
  2 bullfrogs (D:6)
  A scorpion (D:6)
  A hound (D:4)
  3 orc priests
  A centaur skeleton (D:5)
  An iguana (D:6)
  A worker ant (D:4)
  3 orc wizards
  A hound zombie (D:4)
  A hound skeleton (D:6)
  Robin (D:2)
  A gnoll (D:4)
  8 adders
  A white imp (D:6)
  2 worms (D:2)
  4 dart slugs
  5 leopard geckos
  21 orcs
  6 giant cockroaches
  10 goblins
  10 hobgoblins
  13 jackals
  5 quokkas
  12 bats
  8 frilled lizards
  4 kobolds
  A leopard gecko skeleton (D:6)
  5 rats
137 creatures vanquished.

Vanquished Creatures (collateral kills)
  A troll (D:5)
  An orc priest (D:3)
  Crazy Yiuf (D:6)
  Ijyb (D:4)
  Terence (D:3)
  3 gnolls (D:4)
  A worm (D:4)
  A leopard gecko (D:5)
  An orc (D:3)
  3 goblins
  2 hobgoblins
  2 kobolds (D:1)
18 creatures vanquished.

Grand Total: 155 creatures vanquished
